 Dungeon Crawl Stone Soup version 0.23-a0-164-g7711e57 (webtiles) character file.

294 grindst0ne the Shooter (level 6, 0/53 HPs)
             Began as a Centaur Hunter on Sept 10, 2018.
             Splashed by Ijyb's acid (12 damage)
             ... on level 3 of the Dungeon.
             The game lasted 00:03:35 (1819 turns).

grindst0ne the Shooter (Centaur Hunter)             Turns: 1819, Time: 00:03:35

Health: 0/53       AC:  7    Str: 15    XL:     6   Next: 11%
Magic:  6/6        EV:  9    Int: 10    God:
Gold:   77         SH:  0    Dex: 11    Spells: 5/5 levels left

rFire    . . .     SeeInvis .   b - +3 short sword (freeze)
rCold    + + .     Gourm    .   (no shield)
rNeg     . . .     Faith    .   c - +0 leather armour
rPois    .         Spirit   .   (no helmet)
rElec    .         Reflect  .   h - +0 cloak
rCorr    .         Harm     .   y - +1 pair of gloves
MR       .....                  (no barding)
Stlth    +.........             (no amulet)
HPRegen  0.17/turn              t - ring of protection from cold
MPRegen  0.10/turn              w - ring of protection from cold

@: very quick
A: large, hooves 3, deformed body, speed 2, tough skin 3
a: no special abilities


You were on level 3 of the Dungeon.
You were not hungry.

You visited 1 branch of the dungeon, and saw 3 of its levels.

You collected 77 gold pieces.

Inventory:

Hand Weapons
 a - a +1 shortbow
 b - a +3 short sword of freezing (weapon)
 v - a +0 short sword
Missiles
 d - 78 arrows
Armour
 c - a +0 leather armour (worn)
 h - a +0 cloak (worn)
 o - a cursed -2 plate armour
 r - a cursed +0 robe
 y - a +1 pair of gloves (worn)
Jewellery
 t - a ring of protection from cold (left hand)
 w - a ring of protection from cold (right hand)
Scrolls
 k - 5 scrolls of teleportation {unknown}
 l - 3 scrolls of remove curse {unknown}
 n - a scroll of random uselessness {unknown}
 p - 3 scrolls of identify {unknown}
 q - a scroll of enchant weapon {unknown}
 s - a scroll of amnesia {unknown}
 x - a scroll of fog {unknown}
Potions
 e - a potion of cancellation {unknown}
 g - a potion of curing {unknown}
 i - a potion of ambrosia {unknown}
 j - a potion of mutation {unknown}
 m - 2 potions of haste {unknown}
 u - a potion of degeneration {unknown}
Comestibles
 f - 4 rations
 z - a chunk of flesh


   Skills:
 + Level 4.7 Fighting
 + Level 7.8 Bows
 - Level 1.3 Dodging
 - Level 0.4 Stealth


You had 5 spell levels left.
You didn't know any spells.
Your spell library was empty.

Dungeon Overview and Level Annotations

Branches:
Dungeon (3/15)

Altars:
Ashenzari
Makhleb
Sif Muna

Annotations:
D:3 Ijyb


Innate Abilities, Weirdness & Mutations

You have hooves in place of feet.
Armour fits poorly on your strangely shaped body.
You cover ground very quickly.
You have extremely tough skin. (AC +3)


Message History

Ijyb hits you.
You hit Ijyb. You freeze Ijyb.
Ijyb is moderately wounded.
Ijyb hits you.
You hit Ijyb but do no damage.
Ijyb is moderately wounded.
Ijyb barely misses you.
You hit Ijyb. You freeze Ijyb. Your kick misses Ijyb.
Ijyb is moderately wounded.
Ijyb screams, "Get away!"
Ijyb hits you but does no damage.
You hit Ijyb. You freeze Ijyb. You kick Ijyb!
Ijyb is almost dead.
Ijyb barely misses you.
You closely miss Ijyb. You kick Ijyb.
Ijyb is almost dead.
Ijyb zaps a wand.
The bolt of acid hits you!
* * * LOW HITPOINT WARNING * * *
You are splashed with acid!
The acid burns!
You die...

# ## # ... # #.## #
#...# # #..$.. #
###...... # ###
#.g..._.. # ##.# ####@#
#..### ##....##
###....####..†...##
#...##......%.....#
##.########...........
...########............
.........###..........#
##.......# ##........##
#.......####.........


You could see Ijyb.

Vanquished Creatures
  5 wights (D:2)
  4 adders
  A dart slug (D:2)
  2 leopard geckos
  3 orcs (D:3)
  A ball python (D:2)
  8 goblins
  7 hobgoblins
  4 kobolds
  A quokka (D:3)
  6 bats
  5 frilled lizards
  7 rats
  A toadstool (D:1)
55 creatures vanquished.

Vanquished Creatures (others)
  3 toadstools (D:1)
3 creatures vanquished.

Grand Total: 58 creatures vanquished

Notes
Turn   | Place    | Note
-------+----------+-------------------------------------------
     0 | D:1      | grindst0ne the Centaur Hunter began the quest for the Orb.
     0 | D:1      | Reached XP level 1. HP: 17/17 MP: 1/1
   130 | D:1      | Reached XP level 2. HP: 22/25 MP: 2/2
   136 | D:1      | Found a shattered altar of Ashenzari.
   577 | D:1      | You fall through a shaft!
   708 | D:2      | Reached skill level 6 in Bows
   712 | D:2      | Reached XP level 3. HP: 24/30 MP: 3/3
   831 | D:2      | Found a burning altar of Makhleb.
   898 | D:2      | Reached XP level 4. HP: 35/38 MP: 4/4
   991 | D:2      | Reached skill level 7 in Bows
   991 | D:2      | Reached XP level 5. HP: 46/46 MP: 5/5
  1207 | D:2      | Found a deep blue altar of Sif Muna.
  1488 | D:3      | Reached XP level 6. HP: 33/53 MP: 6/6
  1810 | D:3      | Noticed Ijyb
  1813 | D:3      | Found a shattered altar of Ashenzari.
  1819 | D:3      | Splashed by Ijyb's acid

Vault maps used:
D:1:      ldierk_water_garden, minmay_hexomino_r4
D:2:      lemuel_blue_sif_altar, minmay_misc_feat_secret_circle, bloody_makhleb
D:3:      lemuel_crystal_altar, lemuel_round_altar, bh_walls_and_bars,
          uniq_ijyb, uniq_natasha

Skill      XL: |  1  2  3  4 |
---------------+-------------+-----
Bows           | 6 7 |  7.8
Fighting       | 3 4 |  4.7
Dodging        | |  1.3
Stealth        | |  0.4

Action                   |  1- 3 |  4- 6 || total
-------------------------+-------+-------++-------
Melee: Short sword       |    86 |    54 ||   140
       Kick              |    16 |    16 ||    32
 Fire: Shortbow          |    15 |    18 ||    33
  Eat: Chunk             |       |     2 ||     2
Armor: Leather armour    |    43 |    11 ||    54
Dodge: Dodged            |    47 |    24 ||    71

Table legend:
 A = Non-vault XP
 B = Vault XP
 C = Vault XP percentage of total XP
 D = Non-vault monster count
 E = Vault monster count
 F = Vault count percentage of total count
                 A         B        C        D         E       F
            +---------+---------+-------+---------+---------+-------
      Total |     413 |       7 |   1.7 |      51 |       3 |   5.6
            +---------+---------+-------+---------+---------+-------
        D:1 |      14 |       7 |  33.3 |      11 |       3 |  21.4
        D:2 |     334 |       0 |   0.0 |      26 |       0 |   0.0
        D:3 |      65 |       0 |   0.0 |      14 |       0 |   0.0
            +---------+---------+-------+---------+---------+-------
